 Dungeon Crawl Stone Soup version 0.20.1-1-g8b1a95d (webtiles) character file.

121 vineage the Skirmisher (level 4, -12/36 HPs)
             Began as a Demonspawn Berserker on Aug 26, 2017.
             Was a Priest of Trog.
             Killed from afar by Ijyb (21 damage)
             ... with a wand of acid (?/15)
             ... on level 3 of the Dungeon.
             The game lasted 00:04:47 (2574 turns).

vineage the Skirmisher (Demonspawn Berserker)       Turns: 2574, Time: 00:04:48

Health: -12/36     AC:  3    Str: 19    XL:     4   Next: 77%
Magic:  4/4        EV: 13    Int:  8    God:    Trog [***...]
Gold:   119        SH:  0    Dex: 12    Spells: 3/3 levels left

rFire    . . .     SeeInvis .   a - +0 falchion
rCold    . . .     Gourm    .   (no shield)
rNeg     . . .     Faith    .   b - +0 animal skin
rPois    .         Spirit   .   (no helmet)
rElec    .         Reflect  .   (no cloak)
rCorr    .         Harm     .   (no gloves)
MR       .....                  (no boots)
Stlth    +++.......             (no amulet)
Regen    0.2/turn               (no ring)
MPRegen  0.1/turn               (no ring)

@: corroded, sanguine armour, very slightly contaminated, invisible
A: nightstalker 1, sanguine armour 2
a: Berserk, Trog's Hand, Burn Spellbooks, Renounce Religion


You were on level 3 of the Dungeon.
You worshipped Trog.
Trog was most pleased with you.
You were not hungry.

You visited 1 branch of the dungeon, and saw 3 of its levels.

You collected 119 gold pieces.

Inventory:

Hand Weapons
 a - a +0 falchion (weapon)
Armour
 b - a +0 animal skin (worn)
Jewellery
 q - an uncursed ring of ice {unknown}
Wands
 r - a wand of iceblast (8/15)
Scrolls
 d - 2 scrolls of magic mapping {unknown}
 e - a scroll of enchant weapon {unknown}
 h - a scroll of remove curse
 j - 2 scrolls of teleportation {unknown}
 o - a scroll of identify
 p - a scroll of immolation {unknown}
Potions
 l - 2 potions of brilliance
 m - a potion of degeneration
Comestibles
 c - 2 bread rations
 g - a fruit
 i - 5 meat rations
 n - a royal jelly


   Skills:
 + Level 3.6 Fighting
 + Level 3.6 Long Blades
 + Level 1.8 Armour
 + Level 2.6 Dodging
 + Level 1.7 Stealth


You had 3 spell levels left.
You didn't know any spells.

Dungeon Overview and Level Annotations

Branches:
Dungeon (3/15)

Altars:
Ashenzari
Elyvilon
Kikubaaqudgha
Okawaru
Xom
Zin

Annotations:
D:3 Ijyb


Innate Abilities, Weirdness & Mutations

You are slightly more attuned to the shadows.
When seriously injured, your bleeding wounds create thick armour. (AC +9)


Message History

Ijyb hits you.
You hit Ijyb.
Ijyb is lightly wounded.
The bat hits you but does no damage.
Ijyb screams, "Get away!"
Ijyb zaps a wand.
The bolt of acid hits you! The acid corrodes you!
You are splashed with acid!
The acid burns!
* * * LOW HITPOINT WARNING * * *
You fade into invisibility!
The bat hits you but does no damage. Ijyb hits you but does no damage.
You are very lightly contaminated with residual magic.
The bat hits you but does no damage.
Ijyb zaps a wand.
The bat hits you but does no damage.
There is a shattered altar of Ashenzari here.
Ijyb zaps a wand.
The bolt of acid hits the bat.
The bat is splashed with acid.
The acid corrodes the bat!
The bat dies!
Ijyb zaps a wand.
The bolt of acid hits you!
Ouch! That really hurt!
You die...

#....########## ####
###....# #.....##....#
#.###.##.####
#.###..#.####
#.###.......#
##..#..(#....# ######
#..g#..##....# #....#
#..._.@##....####....##
#...#..................
......#..........##....##
####..###....####.##......
#$.###....####.####'#..
#..###....##>..........
##........####.####.#..
###......####.# ##.#..
#......#....# #.....


You could see Ijyb.

Vanquished Creatures
  4 adders
  An ooze (D:2)
  2 worms (D:2)
  A dart slug (D:1)
  2 leopard geckos
  5 orcs (D:3)
  3 giant cockroaches (D:1)
  8 goblins
  4 hobgoblins
  6 jackals
  A quokka (D:2)
  8 bats
  2 frilled lizards (D:1)
  12 kobolds
  9 rats
68 creatures vanquished.

Vanquished Creatures (others)
  A bat (D:3)
1 creature vanquished.

Grand Total: 69 creatures vanquished

Notes
Turn   | Place    | Note
-------+----------+-------------------------------------------
     0 | D:1      | vineage the Demonspawn Berserker began the quest for the Orb.
     0 | D:1      | Reached XP level 1. HP: 18/18 MP: 1/1
   195 | D:1      | Found an iron altar of Okawaru.
   197 | D:1      | Found a shattered altar of Ashenzari.
   197 | D:1      | Found a shimmering altar of Xom.
   199 | D:1      | Found an iron altar of Okawaru.
   199 | D:1      | Found a hide-covered altar of Uskayaw.
   199 | D:1      | Found a bloodstained altar of Trog.
   254 | D:1      | Gained mutation: When seriously injured, your bleeding wounds create armour. (AC +9) [demonic ancestry]
   254 | D:1      | Reached XP level 2. HP: 24/24 MP: 2/2
   577 | D:1      | Found an iron altar of Okawaru.
   891 | D:2      | Found a white marble altar of Elyvilon.
   944 | D:2      | Reached ** piety under Trog
   959 | D:2      | Gained mutation: You are slightly more attuned to the shadows. [demonic ancestry]
   959 | D:2      | Reached XP level 3. HP: 15/29 MP: 3/3
  1343 | D:2      | Found a glowing silver altar of Zin.
  1343 | D:2      | Noticed an angel
  1354 | D:2      | Found a shimmering altar of Xom.
  1542 | D:2      | Reached skill level 1 in Stealth
  1558 | D:2      | Gained mutation: When seriously injured, your bleeding wounds create thick armour. (AC +9) [demonic ancestry]
  1558 | D:2      | Reached XP level 4. HP: 24/35 MP: 4/4
  1955 | D:3      | Found an ancient bone altar of Kikubaaqudgha.
  2299 | D:3      | Reached *** piety under Trog
  2306 | D:3      | Found a shattered altar of Ashenzari.
  2558 | D:3      | Noticed Ijyb
  2574 | D:3      | Killed from afar by Ijyb

Skill      XL: |  1  2  3 |
---------------+----------+-----
Dodging        | 2 |  2.6
Long Blades    | 3 |  3.6
Stealth        | 1 |  1.7
Fighting       | |  3.6
Armour         | |  1.8

Action                   |  1- 3 |  4- 6 || total
-------------------------+-------+-------++-------
Melee: Falchion          |   138 |    69 ||   207
  Use: Scroll            |       |     5 ||     5
       Potion            |       |     4 ||     4
 Stab: Sleeping          |     7 |     9 ||    16
  Eat: Chunk             |     2 |     4 ||     6
Armor: Animal skin       |    28 |    19 ||    47
Dodge: Dodged            |   105 |    58 ||   163
       Rpst.: Falchion   |    30 |    22 ||    52
